 Dungeon Crawl Stone Soup version 0.30-a0-377-g5cb311bc9f (webtiles) character file.

Game seed: 5461328844048762352

1778 Chaicat the Cleaver (level 9, 0/81 HPs)
             Began as a Hill Orc Fighter on Nov 18, 2022.
             Was an Initiate of Okawaru.
             Slain by Duvessa
             ... wielding a +0 short sword
              (4 damage)
             ... on level 6 of the Dungeon on Nov 28, 2022.
             The game lasted 00:10:32 (5171 turns).

Chaicat the Cleaver (Hill Orc Fighter)              Turns: 5171, Time: 00:10:32

Health: 0/81       AC: 13    Str: 21    XL:     9   Next: 8%
Magic:  9/9        EV:  4    Int: 14    God:    Okawaru [......]
Gold:   315        SH: 13    Dex: 12    Spells: 8/8 levels left

rFire   . . .      SeeInvis .    a - +0 war axe (elec)
rCold   + . .      Faith    .    q - +0 tower shield
rNeg    . . .      Spirit   .    n - +2 chain mail {rC+}
rPois   .          Reflect  .    l - +0 helmet
rElec   .          Harm     .    (no cloak)
rCorr   .          Rampage  .    (no gloves)
Will    .....                    (no boots)
Stlth   ..........               (no amulet)
HPRegen 0.33/turn                e - +6 ring of intelligence
MPRegen 0.11/turn                (no ring)

@: no status effects
A: no striking features
a: Renounce Religion


You were on level 6 of the Dungeon.
You worshipped Okawaru.
Okawaru was noncommittal.
You visited 2 branches of the dungeon, and saw 7 of its levels.

You collected 315 gold pieces.

Inventory:

Hand Weapons
 a - a +0 war axe of electrocution (weapon)
Armour
 l - a +0 helmet (worn)
 n - a +2 chain mail of cold resistance (worn)
 q - a +0 tower shield (worn)
Jewellery
 e - a +6 ring of intelligence (left hand)
Wands
 i - a wand of charming (8)
 k - a wand of roots (18)
 o - a wand of polymorph (5)
 s - a wand of flame (11)
Scrolls
 b - 2 scrolls of fog
 c - a scroll of enchant weapon {unknown}
 d - a scroll of teleportation
Potions
 f - a potion of magic {unknown}
 g - 2 potions of curing
 h - a potion of flight {unknown}
 j - a potion of haste
 m - 3 potions of heal wounds
 p - a potion of berserk rage {unknown}
 r - a potion of resistance


   Skills:
 + Level 8.1 Fighting
 + Level 8.2 Axes
 + Level 7.2 Armour
 + Level 6.1 Shields


You had 8 spell levels left.
You didn't know any spells.
Your spell library contained the following spells:

 Spells                   Type           Power      Damage    Failure   Level
 Sublimation of Blood     Necr           0%         N/A       100%        2
 Petrify                  Tmut/Erth      0%         N/A       100%        4
 Irradiate                Conj/Tmut      0%         3d11      100%        5
 Yara's Violent Unravell  Hex/Tmut       0%         3d3       100%        5
 Enfeeble                 Hex            0%         N/A       100%        7


Dungeon Overview and Level Annotations

Branches:
Dungeon (6/15)             Temple (1/1) D:5

Altars:
Cheibriados
Dithmenos
Fedhas
Gozag
Hepliaklqana
Nemelex Xobeh
Okawaru
Qazlal
Ru
Uskayaw
Vehumet
Wu Jian
Xom
Yredelemnul
Zin
The Shining One

Annotations:
D:6 Dowan, Duvessa


Message History

You kill the ogre!
Okawaru accepts your kill.
You feel sick. Duvessa says, "Did you see that move?
Perfect!"
Duvessa zaps a wand.
The puff of flame hits you.
You hit Duvessa. Lightning courses through Duvessa!
Duvessa is moderately wounded.
You feel sick. You block Duvessa's attack.
Duvessa zaps a wand.
The puff of flame hits you.
Dowan drinks a potion.
Dowan suddenly seems more resistant.
You hit Duvessa.
Duvessa is heavily wounded.
You feel sick. You block Duvessa's attack.
Duvessa hits you with a +0 short sword.
You are too injured to fight recklessly!
You are too injured to fight recklessly!
You are too injured to fight recklessly!
You slash Duvessa!
Duvessa is almost dead.
You feel sick.
You are no longer poisoned.
Duvessa hits you but does no damage. Duvessa hits you with a +0 short sword!
Dowan gestures wildly while chanting.
Dowan blinks!
You barely miss Duvessa.
Duvessa is almost dead.
Duvessa hits you with a +0 short sword. x2
You closely miss Duvessa.
Duvessa is almost dead.
Duvessa zaps a wand.
The puff of flame hits you!
* * * LOW HITPOINT WARNING * * *
Duvessa hits you but does no damage. x2
You barely miss Duvessa.
Duvessa is almost dead.
You block Duvessa's attack.
Duvessa zaps a wand.
The puff of flame hits you!
* * * LOW HITPOINT WARNING * * *
You barely miss Duvessa.
Duvessa is almost dead.
You block Duvessa's attack. Duvessa hits you with a +0 short sword.
You die...

### ..# #.# #.# #.#
##.########.#####
#........<......#######
#........##.###........
#.######.##.# #@#######
#>##.# #e# #.##.# #.#
#>##.# #.e...e.# #.##.#
#.###.ยง.. #..... ..#
.# ....# #.. ### ###


You could see Duvessa (fast) and Dowan (resistant).

Vanquished Creatures
  Pikel (D:4)
  Grinder (D:5)
  A steam dragon (D:4)
  A black bear (D:5)
  An ice beast (D:5)
  An ogre (D:6)
  2 lemures (D:4)
  A bullfrog (D:4)
  A necrophage (D:5)
  2 hounds
  3 orc priests
  Jessica (D:2)
  Terence (D:3)
  2 iguanas
  2 orc wizards
  Robin (D:2)
  11 gnolls
  5 adders
  An ufetubus (D:6)
  A worm (D:2)
  4 dart slugs
  17 orcs
  11 ball pythons
  3 bats
  7 endoplasms
  6 giant cockroaches
  24 goblins
  5 hobgoblins
  2 jackals (D:2)
  7 kobolds
  2 quokkas
  2 frilled lizards
  7 rats
137 creatures vanquished.

Notes
Turn   | Place    | Note
-------+----------+-------------------------------------------
     0 | D:1      | Chaicat the Hill Orc Fighter began the quest for the Orb.
     0 | D:1      | Reached XP level 1. HP: 19/19 MP: 1/1
    73 | D:1      | Reached XP level 2. HP: 27/27 MP: 2/2
   233 | D:1      | Found a faded altar of an unknown god.
   620 | D:1      | Reached XP level 3. HP: 29/33 MP: 3/3
  1166 | D:2      | Noticed Jessica
  1170 | D:2      | Killed Jessica
  1171 | D:2      | Reached XP level 4. HP: 40/40 MP: 4/4
  1679 | D:2      | Reached XP level 5. HP: 47/47 MP: 5/5
  1702 | D:2      | Noticed Robin
  1720 | D:2      | Killed Robin
  1906 | D:3      | Noticed Terence
  2028 | D:3      | Reached skill level 5 in Fighting
  2030 | D:3      | Killed Terence
  2031 | D:3      | Reached XP level 6. HP: 50/56 MP: 6/6
  2154 | D:3      | Identified the +0 robe "Coyczuirch" {rC+ Stlth+}
  2346 | D:3      | Identified the +3 dagger "Tuucsa" {vorpal, Dex+2}
  2830 | D:4      | Upgraded the game from 0.30-a0-368-g86fb4627a9 to
                  | 0.30-a0-377-g5cb311bc9f
  2857 | D:4      | Reached skill level 5 in Axes
  3080 | D:4      | Noticed a steam dragon
  3090 | D:4      | Killed a steam dragon
  3091 | D:4      | Reached skill level 5 in Armour
  3091 | D:4      | Reached skill level 5 in Shields
  3091 | D:4      | Reached XP level 7. HP: 23/62 MP: 7/7
  3233 | D:4      | Noticed Pikel
  3248 | D:4      | Killed Pikel
  3248 | D:4      | HP: 2/62 [orc priest/divine providence (10)]
  3249 | D:4      | Reached XP level 8. HP: 2/71 MP: 8/8
  3506 | D:4      | Found an ornate altar of the Wu Jian Council.
  3903 | D:5      | Entered Level 5 of the Dungeon
  4224 | D:5      | Found a staircase to the Ecumenical Temple.
  4237 | Temple   | Entered the Ecumenical Temple
  4306 | Temple   | Became a worshipper of the Shining One
  4401 | D:5      | Noticed Grinder
  4407 | D:5      | Killed Grinder
  4540 | Temple   | Fell from the grace of the Shining One
  4540 | Temple   | Became a worshipper of Warmaster Okawaru
  5092 | D:5      | Reached XP level 9. HP: 75/81 MP: 9/9
  5155 | D:6      | Noticed Dowan
  5157 | D:6      | Noticed Duvessa
  5170 | D:6      | HP: 4/81 [Duvessa/puff of flame (12)]
  5171 | D:6      | Slain by Duvessa

Illustrated notes

Levels and vault maps discovered:
D:1:      spicycebolla_arrival_risky_transporter, layout_basic,
          chequers_ecumenical_altar_grove, item_on_display_a
D:2:      layout_basic, minmay_pentomino_z4, uniq_jessica, uniq_robin
D:3:      minmay_wonky_spiral, layout_basic, uniq_terence
D:4:      layout_loops_cross, kennysheep_little_box, uniq_pikel
D:5:      layout_basic, minmay_temple_entry_overgrown, uniq_grinder
D:6:      layout_loops_ring, uniq_duvessa, uniq_sigmund, uniq_menkaure
Temple:   hellmonk_temple_of_storms

Skill      XL: |  1  2  3  4  5  6  7  8 |
---------------+-------------------------+-----
Axes           | 3 4 5 6 8 |  8.2
Fighting       | 4 5 6 8 |  8.1
Armour         | 4 5 6 7 |  7.2
Shields        | 4 5 6 |  6.1

Action                   |  1- 3 |  4- 6 |  7- 9 || total
-------------------------+-------+-------+-------++-------
Melee: War axe           |    74 |   192 |   137 ||   403
  Use: Scroll            |     4 |     6 |     1 ||    11
       Potion            |       |       |     2 ||     2
Armor: Scale mail        |    33 |    56 |       ||    89
       Chain mail        |       |    46 |    75 ||   121
Dodge: Dodged            |    37 |    90 |    27 ||   154
Block: Buckler           |    15 |    52 |    12 ||    79
       Tower shield      |       |       |    75 ||    75

Table legend: (Time is in decaauts)
 A = Elapsed time spent in this place.
 B = Non-inter-level travel time spent in this place.
 C = Inter-level travel time spent in this place.
 D = Time resting spent in this place.
 E = Time spent auto-exploring this place.
 F = Levels seen in this place.
 G = Mean time per level.
                   A        B        C        D        E       F      G
               +--------+--------+--------+--------+--------+-----+--------+
         Total |   5317 |   5028 |    289 |    637 |   3319 |   7 |  759.6 |
       Dungeon |   5179 |   4920 |    259 |    637 |   3297 |   6 |  863.2 |
        Temple |    138 |    108 |     30 |      0 |     22 |   1 |  138.0 |
               +--------+--------+--------+--------+--------+-----+--------+

Top non-repeatable levels by time:
     D:4: 1400 daAuts
     D:1: 1155 daAuts
     D:5: 957 daAuts
     D:2: 916 daAuts
     D:3: 706 daAuts
  Temple: 138 daAuts
     D:6: 42 daAuts
